 Dungeon Crawl Stone Soup version 0.29-a0-380-gf50f0a9fbc (webtiles) character file.

Game seed: 15758235093402581018

4791 Pelinal the Nimble (level 10, -2/63 HPs)
             Began as a Merfolk Ice Elementalist on May 6, 2022.
             Was an Initiate of Ashenzari.
             Shot with an arrow by a centaur warrior (15 damage)
             ... in a volcano.
             The game lasted 00:28:50 (11667 turns).

Pelinal the Nimble (Merfolk Ice Elementalist)      Turns: 11667, Time: 00:28:51

Health: -2/63      AC: 13    Str: 11    XL:     10   Next: 47%
Magic:  10/16      EV: 21    Int: 15    God:    Ashenzari [......]
Gold:   601        SH:  0    Dex: 16    Spells: 10/17 levels left

rFire   . . .      SeeInvis .   L - +0 trident
rCold   . . .      Faith    .   (no shield)
rNeg    . . .      Spirit   .   A - +0 acid dragon scales
rPois   .          Reflect  .   (no helmet)
rElec   .          Harm     .   g - +0 cloak
rCorr   +          Rampage  .   c - +1 pair of gloves
Will    .....                   (no boots)
Stlth   ++........              (no amulet)
HPRegen 0.20/turn               l - +4 ring of evasion
MPRegen 0.15/turn               (no ring)

@: ice-armoured, freezing walls
A: (nimble swimmer 2), mertail
a: Renounce Religion


You were in a volcano.
You worshipped Ashenzari.
Ashenzari was noncommittal.
You visited 3 branches of the dungeon, and saw 10 of its levels.
You also visited: Ossuary, Bailey and Volcano.

You collected 601 gold pieces.

Inventory:

Hand Weapons
 b - a +0 hunting sling
 p - a +1 dagger
 L - a +0 trident (weapon)
Missiles
 d - 262 stones
 q - 29 poisoned darts
 D - 13 boomerangs
 F - 4 datura-tipped darts
 G - 9 curare-tipped darts
 H - 4 atropa-tipped darts
Armour
 c - a +1 pair of gloves (worn)
 g - a +0 cloak (worn)
 i - a +0 robe
 w - a scarf of invisibility
 A - +0 acid dragon scales (worn)
Magical Staves
 j - a staff of death
Jewellery
 a - a ring of magical power
 l - a +4 ring of evasion (left hand)
Wands
 e - a wand of iceblast (13)
 s - a wand of digging (2)
 u - a wand of acid (16)
 z - a wand of paralysis (5)
 I - a wand of charming (6)
Scrolls
 h - 4 scrolls of identify
 m - a scroll of amnesia {unknown}
 n - 2 scrolls of torment
 t - 6 scrolls of poison
 v - a scroll of immolation {unknown}
 y - a scroll of blinking {unknown}
 C - a scroll of fog {unknown}
Potions
 f - 3 potions of resistance
 k - a potion of curing
 o - 2 potions of magic
 r - a potion of mutation {unknown}
 x - a potion of ambrosia {unknown}
 B - a potion of degeneration {unknown}
 E - a potion of berserk rage {unknown}
 J - a potion of brilliance {unknown}


   Skills:
 + Level 11.5 Polearms
 + Level 12.6 Dodging
 - Level 3.0 Stealth
 - Level 4.3 Spellcasting
 - Level 8.0 Ice Magic


You had 10 spell levels left.
You knew the following spells:

 Your Spells              Type           Power      Damage    Failure   Level
a - Freeze                Ice            100%       1d11      1%          1
b - Frozen Ramparts       Ice            54%        1d7       3%          3
c - Ozocubu's Armour      Ice            27%        N/A       3%          3

Your spell library contained the following spells:

 Spells                   Type           Power      Damage    Failure   Level
 Magic Dart               Conj           12%        1d3       28%         1
 Call Imp                 Summ           3%         N/A       38%         2
 Hailstorm                Conj/Ice       15%        3d5       47%         4
 Mephitic Cloud           Conj/Pois/Air  3%         N/A       63%         3


Dungeon Overview and Level Annotations

Branches:
Dungeon (8/15)             Temple (1/1) D:5            Lair (1/6) D:8
Ossuary (visited)          Bailey (visited)         Volcano (1/1)

Altars:
Ashenzari
Dithmenos
Elyvilon
Fedhas
Gozag
Hepliaklqana
Kikubaaqudgha
Makhleb
Nemelex Xobeh
Okawaru
Qazlal
Ru
Sif Muna
Trog
Uskayaw
Vehumet
Wu Jian
Xom
Yredelemnul
Zin
The Shining One

Annotations:
D:4 1 runed translucent door, exclusion: door, Crazy Yiuf, Sigmund
D:6 8 exclusions, Duvessa


Innate Abilities, Weirdness & Mutations

((You are very nimble when in or above water. (Stealth+, EV+, Speed+++)))
Your lower body shifts to a powerful aquatic tail in water.


Message History

The wall freezes the centaur warrior.
The centaur warrior shoots an arrow.
The arrow hits you. The arrow burns you.
* * * LOW HITPOINT WARNING * * *
The centaur shoots an arrow.
The arrow closely misses you.
The centaur shoots an arrow.
The arrow barely misses you.
The arrow hits the centaur!
The arrow burns the centaur.
The wall freezes the centaur.
The centaur unwields a +2 shortbow of flaming.
It stops flaming.
The centaur misses you.
The centaur kicks you but does no damage.
Casting: Frozen Ramparts (dangerous; 3% risk of failure)
Confirm with . or Enter, or press ? or * to list all spells.
A film of ice covers your body!
The centaur shoots an arrow.
The arrow misses you.
The wall freezes the centaur warrior.
The centaur warrior shoots an arrow.
The arrow completely misses you.
The centaur shoots an arrow.
The arrow hits you!
* * * LOW HITPOINT WARNING * * *
The arrow burns you.
* * * LOW HITPOINT WARNING * * *
The wall freezes the centaur.
The centaur barely misses you.
The centaur kicks you but does no damage.
The centaur shoots an arrow.
The arrow closely misses you.
The centaur shoots an arrow.
The arrow misses you.
The arrow hits the centaur!
The arrow burns the centaur.
The centaur dies!
The wall freezes the centaur warrior.
The centaur warrior shoots an arrow.
The arrow closely misses you. The heat melts your icy armour.
Unknown command.
You feel better.
The centaur shoots an arrow.
The arrow hits you but does no damage.
The wall freezes the centaur warrior.
The centaur warrior shoots an arrow.
The arrow hits you!
* * * LOW HITPOINT WARNING * * *
The arrow burns you.
* * * LOW HITPOINT WARNING * * *
The heat melts your icy armour.
You feel better.
The centaur shoots an arrow.
The arrow closely misses you.
The wall freezes the centaur warrior.
The centaur warrior shoots an arrow.
The arrow hits you!
You die...

.[. #c## #
+.$.[.+..# ≈##
+.._..+.c##≈≈≈#
#...d.#...#§§≈§
#######...#≈§≈≈
+!!.))c...#§§§§
#..≈..#...#≈§≈≈
#8≈≈≈8#@..#
+..≈..').##
+.....'..# ≈
#8...8#.##≈
≈≈###.....###§§
≈≈≈§§.....§≈§§§
#≈≈§§8...8≈≈§§§
###§§§....≈≈§§≈
#§§§....≈§§#


You could see a red draconian, a centaur warrior and 2 centaurs.

Vanquished Creatures
  A gargoyle (D:5)
  Maggie (D:6)
  6 yaks (Lair:1)
  A warg (D:8)
  A water moccasin (Lair:1)
  5 orc warriors (Bailey)
  A sky beast (D:6)
  8 kobold brigands (Bailey)
  Blork the orc (D:6)
  A bullfrog (D:6)
  A necrophage (D:8)
  A scorpion (D:4)
  11 wights
  7 killer bees
  A howler monkey (D:5)
  5 hounds
  2 jellies
  2 orc priests (D:8)
  A gnoll shaman (D:7)
  A mummy (Ossuary)
  5 iguanas
  3 orc wizards
  8 gnolls (D:7)
  14 adders
  2 white imps
  An ufetubus (D:6)
  A dart slug (D:1)
  27 orcs
  4 bats
  10 endoplasms
  3 giant cockroaches
  8 goblins
  11 hobgoblins
  14 jackals
  11 kobolds
  3 quokkas
  4 ball pythons
  A frilled lizard (D:2)
  2 rats (D:1)
190 creatures vanquished.

Vanquished Creatures (others)
  A centaur (Volcano)
  A fungus (Lair:1)
  A plant (D:1)
  3 withered plants (Ossuary)
6 creatures vanquished.

Grand Total: 196 creatures vanquished

Notes
Turn   | Place    | Note
-------+----------+-------------------------------------------
     0 | D:1      | Pelinal the Merfolk Ice Elementalist began the quest for
                  | the Orb.
     0 | D:1      | Reached XP level 1. HP: 13/13 MP: 3/3
   408 | D:1      | Reached skill level 3 in Dodging
   408 | D:1      | Reached XP level 2. HP: 13/19 MP: 1/5
  1275 | D:1      | Reached XP level 3. HP: 24/24 MP: 6/6
  1422 | D:2      | Reached skill level 5 in Ice Magic
  1668 | D:2      | Found a faded altar of an unknown god.
  1952 | D:2      | Reached XP level 4. HP: 30/30 MP: 5/7
  2656 | D:3      | Noticed a phantom
  2715 | D:3      | Reached XP level 5. HP: 32/35 MP: 7/9
  2816 | D:4      | Learned a level 3 spell: Ozocubu's Armour
  2820 | D:4      | Learned a level 3 spell: Frozen Ramparts
  3355 | D:4      | Reached XP level 6. HP: 30/41 MP: 5/11
  3667 | D:4      | Noticed Sigmund
  3731 | D:4      | Found a runed translucent door.
  3732 | D:4      | Noticed Crazy Yiuf
  4638 | D:5      | Entered Level 5 of the Dungeon
  4645 | D:5      | Reached skill level 1 in Polearms
  4719 | D:5      | Noticed a gargoyle
  4725 | D:5      | Killed a gargoyle
  4726 | D:5      | Reached XP level 7. HP: 22/46 MP: 2/13
  5230 | D:5      | Reached skill level 4 in Dodging
  5463 | D:5      | Found a staircase to the Ecumenical Temple.
  5716 | D:6      | Reached skill level 5 in Dodging
  5795 | D:6      | Found a sand-covered staircase.
  5799 | Ossuary  | Entered an ossuary
  5816 | Ossuary  | Reached XP level 8. HP: 38/52 MP: 6/14
  5980 | D:6      | Noticed Blork the orc
  6012 | D:6      | Killed Blork the orc
  6013 | D:6      | Reached skill level 6 in Dodging
  7261 | D:6      | Noticed Duvessa
  7300 | D:6      | Noticed Maggie
  7328 | D:6      | Killed Maggie
  7329 | D:6      | Reached skill level 5 in Polearms
  7329 | D:6      | Reached skill level 7 in Dodging
  7903 | D:7      | Reached skill level 8 in Dodging
  8169 | D:7      | Reached XP level 9. HP: 23/57 MP: 6/15
  8530 | D:7      | Found a flagged portal.
  8559 | Bailey   | Entered a bailey
  8594 | Bailey   | Reached skill level 9 in Dodging
  9053 | Bailey   | Reached skill level 10 in Dodging
  9230 | Bailey   | Found an iron altar of Okawaru.
  9780 | D:7      | Reached skill level 11 in Dodging
 10522 | D:8      | Reached skill level 10 in Polearms
 10522 | D:8      | Reached XP level 10. HP: 37/63 MP: 9/16
 10913 | D:8      | Found a staircase to the Lair.
 11043 | Temple   | Entered the Ecumenical Temple
 11431 | Temple   | Became a worshipper of Ashenzari the Shackled
 11530 | Lair:1   | Entered Level 1 of the Lair of Beasts
 11549 | Lair:1   | Reached skill level 12 in Dodging
 11635 | Lair:1   | Found a dark tunnel.
 11641 | Volcano  | Entered a volcano
 11657 | Volcano  | Noticed a centaur warrior
 11660 | Volcano  | Found a radiant altar of Vehumet.
 11662 | Volcano  | Noticed a red draconian
 11666 | Volcano  | HP: 2/63 [centaur warrior/arrow (4)]
 11667 | Volcano  | Shot with an arrow by a centaur warrior

Illustrated notes

Levels and vault maps discovered:
D:1:      lightli_arrival_windingriver, layout_loops_ring
D:2:      layout_loops_corners, ebering_ecumenical_altar_box
D:3:      layout_basic, grunt_decor_junction, kennysheep_generic_room_9
D:4:      layout_cave_pools, uniq_crazy_yiuf_cottage, uniq_sigmund
D:5:      layout_loops_ring, minmay_temple_entry_from_below_a
D:6:      layout_layer_cave, enter_ossuary_5, uniq_duvessa, uniq_blork_the_orc,
          uniq_maggie
D:7:      layout_basic, enter_bailey_4
D:8:      layout_basic, slow_altar_1, erik_lair_orcish_takeover,
          gammafunk_ghost_necromancy, uniq_amaemon, uniq_grum
Temple:   mainiacjoe_temple_trianglar_array
Lair:1:   layout_hall_layers, nicolae_volcano_entry_hallway, serial_bayou,
          serial_bayou_lake_a, serial_bayou_lagoon_b, serial_bayou_crossing,
          serial_bayou_pond_e
Volcano:  kennysheep_volcano_temple

Skill      XL: |  1  2  3  4  5  6  7  8  9 10 |
---------------+-------------------------------+-----
Dodging        | 3 5 8 11 12 | 12.6
Ice Magic      | 5 6 8 |  8.0
Stealth        | 3 |  3.0
Spellcasting   | 3 4 |  4.3
Polearms       | 2 6 10 11 | 11.5

Action                   |  1- 3 |  4- 6 |  7- 9 | 10-12 || total
-------------------------+-------+-------+-------+-------++-------
Melee: Unarmed           |     3 |       |       |       ||     3
       Tailslap          |     1 |       |     5 |       ||     6
       Dagger            |    40 |    42 |       |       ||    82
       Spear             |       |       |   194 |       ||   194
       Punch             |       |       |     2 |     1 ||     3
       Trident           |       |       |    75 |    64 ||   139
       Halberd           |       |       |    11 |       ||    11
 Fire: Hunting sling     |       |    19 |    31 |       ||    50
Throw: Stone             |       |     3 |       |       ||     3
       Boomerang         |       |       |    10 |       ||    10
       Dart              |       |       |     7 |       ||     7
 Cast: Freeze            |    42 |    67 |    55 |       ||   164
       Frozen Ramparts   |       |     3 |    24 |     9 ||    36
       Ozocubu's Armour  |       |     1 |    23 |     4 ||    28
Evoke: Wand              |       |       |     2 |     1 ||     3
  Use: Scroll            |     2 |     5 |     3 |     1 ||    11
       Potion            |       |     3 |     4 |     5 ||    12
 Stab: Sleeping          |     4 |     6 |     1 |       ||    11
Armor: Robe              |    13 |    18 |    12 |       ||    43
       Acid dragon scale |       |       |    26 |    11 ||    37
Dodge: Dodged            |    45 |    76 |   219 |    49 ||   389

Table legend: (Time is in decaauts)
 A = Elapsed time spent in this place.
 B = Non-inter-level travel time spent in this place.
 C = Inter-level travel time spent in this place.
 D = Time resting spent in this place.
 E = Time spent auto-exploring this place.
 F = Levels seen in this place.
 G = Mean time per level.
                   A        B        C        D        E       F      G
               +--------+--------+--------+--------+--------+-----+--------+
         Total |  11565 |  11051 |    514 |   3089 |   5811 |  13 |  889.6 |
       Dungeon |  10303 |   9845 |    458 |   2604 |   5473 |   8 | 1287.9 |
        Temple |    415 |    359 |     56 |      0 |    338 |   1 |  415.0 |
          Lair |    105 |    105 |      0 |      0 |      0 |   1 |  105.0 |
       Ossuary |     19 |     19 |      0 |      0 |      0 |   1 |   19.0 |
        Bailey |    697 |    697 |      0 |    485 |      0 |   1 |  697.0 |
       Volcano |     25 |     25 |      0 |      0 |      0 |   1 |   25.0 |
               +--------+--------+--------+--------+--------+-----+--------+

Top non-repeatable levels by time:
     D:6: 2185 daAuts
     D:7: 1902 daAuts
     D:1: 1298 daAuts
     D:2: 1285 daAuts
     D:4: 1151 daAuts
     D:5: 1092 daAuts
     D:3: 870 daAuts
  Bailey: 697 daAuts
     D:8: 516 daAuts
  Temple: 415 daAuts
  Lair:1: 105 daAuts
 Volcano: 25 daAuts
 Ossuary: 19 daAuts
